Map: Abyssal Reef LE

Players

Nerchio - Winner!

  • Race: Zerg Zerg
  • League: Grandmaster
  • Spawn Location: 5:00

MperorM

  • Race: Terran Terran
  • League: Master
  • Spawn Location: 11:00

VOD

Have the link to the VOD?

Description

Time

  • Played on: March 26, 2017, 12:40 p.m.
  • Length: 10:30
Show
View Real Time Build Order
Export as new Build Order

Nerchio Zerg - Winner!

Build Orders: Pool First 

Get SALT Encoding   

  12  0:00  Drone  
  13  0:12  Overlord  
  13  0:17  Drone  
  14  0:31  Drone x2  
  14  0:34  Drone  
  17  0:45  Drone, Extractor  
  17  0:51  Spawning Pool  
  17  0:56  Drone  
  17  1:17  Hatchery  
  16  1:21  Drone  
  16  1:24  Drone  
  18  1:40  Roach Warren, Zergling x2  
  18  1:51  Queen  
  20  1:56  Drone  
  21  2:02  Overlord  
  21  2:21  Roach x2  
  21  2:22  Roach  
  27  2:31  Roach  
  27  2:32  Drone  
  30  2:41  Drone, Queen  
  33  2:48  Overlord  
  32  2:51  Drone  
  32  2:55  Ravager x2  
  35  3:03  Drone  
  36  3:08  Drone x3  
  36  3:09  Drone  
  40  3:16  Overlord  
  40  3:19  Drone  
  42  3:27  Drone x2  
  43  3:40  Ravager  
  44  3:42  Drone  
  44  3:43  Drone x2  
  44  3:44  Drone  
  48  3:50  Ravager  
  46  4:02  Drone x2  
  45  4:03  Drone x3  
  45  4:04  Drone  
  45  4:09  Drone, Evolution Chamber  
  49  4:12  Metabolic Boost  
  49  4:14  Drone  
  49  4:16  Hatchery  
  49  4:20  Overlord  
  49  4:21  Queen  
  51  4:24  Overlord  
  51  4:37  Queen  
  53  4:40  Zergling x12  
  53  4:41  Zergling x2  
  60  4:47  Drone  
  60  4:49  Zerg Melee Weapons Level 1  
  60  4:52  Drone  
  62  4:53  Drone  
  62  4:58  Queen  
  65  5:04  Drone x2, Overlord  
  65  5:05  Drone  
  65  5:06  Overlord  
  68  5:20  Overlord  
  68  5:21  Queen  
  68  5:24  Zergling x2  
  68  5:25  Zergling x2  
  68  5:27  Zergling x2  
  68  5:28  Zergling x4  
  74  5:29  Zergling x4  
  74  5:32  Zergling x4  
  74  5:33  Zergling x2  
  79  5:36  Zergling x2  
  79  5:42  Zergling x4  
  75  5:44  Queen x2  
  75  5:46  Overlord  
  79  5:56  Roach  
  89  5:57  Roach x4  
  89  6:01  Extractor  
  88  6:15  Overlord  
  88  6:16  Drone x4  
  88  6:17  Drone x3  
  91  6:20  Queen  
  91  6:21  Drone x2  
  91  6:24  Extractor  
  94  6:28  Lair  
  94  6:29  Drone x2  
  94  6:30  Drone x2  
  94  6:32  Overlord  
  98  6:35  Overlord  
  98  6:39  Drone, Hatchery  
  98  6:42  Overlord  
  98  6:46  Roach  
  100  6:52  Zergling x12  
  100  6:53  Zergling x2  
  107  6:55  Zergling x2  
  107  6:56  Zergling x2, Ravager x2  
  107  7:04  Zergling x2  
  107  7:07  Zergling x4  
  102  7:08  Zergling x2  
  102  7:09  Zergling x4  
  102  7:10  Zerg Ground Armor Level 1  
  102  7:12  Queen  
  107  7:16  Zergling x4  
  107  7:19  Zergling x6  
  107  7:20  Zergling x2  
  107  7:22  Zergling x6  
  116  7:24  Zergling x2  
  116  7:26  Glial Reconstitution  
  116  7:29  Evolution Chamber, Zergling x2  
  117  7:32  Extractor  
  117  7:33  Extractor  
  115  7:38  Drone x2  
  115  7:39  Drone x2  
  115  7:40  Drone x2  
  115  7:41  Drone  
  122  7:46  Drone  
  122  7:47  Drone x3  
  122  7:50  Drone  
  122  7:51  Drone x2  
  129  7:52  Infestation Pit  
  129  7:53  Drone x2  
  129  7:54  Drone  
  129  7:56  Drone  
  130  8:00  Zerg Melee Weapons Level 2  
  130  8:03  Drone  
  130  8:04  Drone  
  130  8:05  Drone, Spore Crawler  
  132  8:07  Spore Crawler  
  135  8:12  Roach  
  135  8:13  Roach  
  135  8:15  Overlord x2  
  135  8:16  Overlord  
  135  8:17  Extractor  
  135  8:18  Drone x2  
  136  8:23  Overlord x2  
  136  8:25  Overlord  
  136  8:32  Extractor  
  136  8:33  Hive  
  136  8:34  Roach x4  
  143  8:35  Infestor  
  143  8:39  Roach  
  143  8:40  Roach  
  149  8:42  Roach x2  
  149  8:44  Drone  
  149  8:45  Drone  
  155  8:51  Roach  
  155  8:52  Roach x3  
  159  8:55  Roach  
  159  8:56  Roach  
  159  8:58  Roach x2  
  160  9:05  Roach x4  
  155  9:11  Overseer  
  155  9:12  Zergling x2  
  155  9:13  Zergling x10  
  155  9:14  Zergling x4  
  155  9:16  Zergling x2  
  164  9:17  Zergling x2  
  164  9:18  Zergling x2  
  166  9:25  Zergling x2  
  166  9:28  Zergling x8  
  166  9:29  Zergling x4  
  166  9:31  Zergling x2  
  174  9:32  Zergling x2  
  174  9:33  Zergling x2  
  174  9:34  Ravager x3  
  174  9:35  Ravager x2  
  174  9:36  Ravager  
  174  9:38  Zergling x4  
  184  9:41  Overlord  
  184  9:42  Overlord  
  184  9:45  Overlord  
  184  9:46  Baneling Nest  
  179  10:00  Ultralisk Cavern  
  179  10:01  Zergling x14  
  179  10:02  Zergling x2  
  179  10:05  Zergling x6  
Show
View Real Time Build Order
Export as new Build Order

MperorM Terran 

Build Orders: Reaper Expand, MMM Bio 

Get SALT Encoding   

  12  0:00  SCV  
  13  0:13  SCV  
  14  0:17  Supply Depot  
  14  0:25  SCV  
  15  0:38  SCV  
  15  0:39  Barracks  
  16  0:44  Refinery  
  16  0:50  SCV  
  17  1:02  SCV  
  18  1:14  SCV  
  19  1:27  Reaper, Orbital Command  
  20  1:41  Command Center  
  20  1:51  Barracks  
  20  1:55  SCV  
  20  1:59  Barracks Reactor  
  21  2:07  SCV  
  22  2:10  Supply Depot  
  22  2:16  Barracks  
  22  2:19  SCV  
  23  2:28  Engineering Bay  
  23  2:31  SCV  
  23  2:35  Marine x2  
  26  2:39  Barracks Tech Lab  
  26  2:43  SCV  
  27  2:53  Marine, Orbital Command  
  27  2:55  Marine  
  27  2:58  SCV  
  30  3:04  Marine x2  
  32  3:10  SCV  
  32  3:11  Stimpack  
  33  3:13  Marine  
  33  3:14  Marine  
  35  3:20  Terran Infantry Weapons Level 1  
  35  3:21  SCV  
  35  3:24  Barracks Tech Lab  
  35  3:26  Marine  
  37  3:28  SCV  
  37  3:34  SCV  
  34  3:35  Marine x2  
  32  3:47  Marine  
  33  3:49  Marauder  
  33  3:51  SCV  
  28  3:57  SCV  
  24  4:03  Marine x2  
  24  4:04  Combat Shields  
  26  4:12  Marine, Marauder  
  26  4:15  SCV  
  26  4:16  SCV  
  31  4:21  Marine x2  
  33  4:27  SCV  
  33  4:30  SCV  
  35  4:33  Marauder  
  37  4:39  Marauder  
  37  4:41  Marine  
  37  4:42  Marine  
  42  4:45  SCV  
  42  4:47  SCV  
  42  4:52  Supply Depot  
  43  4:56  Marine  
  43  4:58  SCV  
  43  4:59  Marine  
  46  5:12  Factory  
  46  5:13  Marine  
  46  5:14  SCV x2  
  49  5:19  Supply Depot  
  49  5:21  Marine  
  50  5:24  Marine x2  
  50  5:26  SCV  
  53  5:31  SCV  
  54  5:39  SCV  
  53  5:44  Marine x2  
  53  5:45  SCV, Marauder x2  
  60  5:58  Command Center  
  60  6:00  SCV  
  60  6:01  SCV  
  62  6:08  Starport  
  62  6:11  Refinery  
  62  6:12  Refinery  
  62  6:16  SCV x2  
  59  6:20  Marine x3  
  59  6:24  Supply Depot  
  62  6:30  Supply Depot  
  62  6:33  Factory Reactor  
  62  6:42  Refinery  
  62  6:45  Marine x2  
  62  6:46  SCV x2  
  66  6:47  Marauder  
  66  6:51  Starport Reactor  
  66  6:53  Supply Depot  
  68  6:55  Marauder  
  68  6:58  SCV  
  70  7:07  Marine x2  
  66  7:08  SCV  
  66  7:14  SCV, Widow Mine x2  
  72  7:16  Marauder  
  72  7:17  Marauder  
  72  7:20  SCV  
  72  7:22  Barracks  
  77  7:25  Terran Infantry Armor Level 1  
  77  7:31  Orbital Command  
  77  7:33  SCV  
  77  7:35  SCV  
  79  7:40  Marine x2  
  79  7:41  Medivac  
  83  7:45  SCV  
  83  7:46  Medivac  
  83  7:47  SCV  
  87  7:54  Marauder x2  
  87  7:57  SCV  
  87  7:58  SCV, Widow Mine x2  
  93  8:00  Marine  
  93  8:02  Marine  
  93  8:05  Supply Depot  
  99  8:06  SCV  
  99  8:12  Barracks Reactor  
  100  8:14  SCV  
  101  8:23  Bunker  
  101  8:26  Medivac x2  
  101  8:27  Marauder x2  
  109  8:36  Supply Depot  
  109  8:37  Supply Depot  
  109  8:39  Engineering Bay  
  109  8:40  Armory  
  109  8:42  Liberator  
  109  8:49  Concussive Shells  
  109  8:57  Marine x3  
  109  8:58  SCV x3, Marine  
  113  9:07  Factory Tech Lab  
  113  9:08  Marine  
  113  9:09  Marauder  
  87  9:10  SCV  
  87  9:15  SCV  
  87  9:16  SCV, Marine x2  
  87  9:17  Marine x2  
  90  9:21  Barracks  
  90  9:22  Barracks  
  92  9:25  SCV  
  92  9:26  Command Center  
  92  9:29  Marauder  
  92  9:31  SCV, Siege Tank  
  94  9:34  Marine, Marauder  
  98  9:39  Supply Depot, Marine x2  
  98  9:41  SCV  
  98  9:43  Marine  
  101  9:57  Marine x5  
  101  10:01  SCV x3, Marine  
  105  10:13  SCV x2  
Tags
 
Add a new tag
Caveats
  • Supply blocks, unpowered buildings, or Contaminate may cause inaccurate times.
  • Supply counts are checked every 10 seconds.